 Dungeon Crawl Stone Soup version 0.14-a0-1192-g192f278 (webtiles) character file.

91 PolkaDot the Ruinous (level 4, -2/30 HPs)
             Began as a Vampire Conjurer on Nov 30, 2013.
             Slain by a human zombie (4 damage)
             ... on Level 3 of the Dungeon.
             The game lasted 00:05:42 (1708 turns).

PolkaDot the Ruinous (Vampire Conjurer)             Turns: 1708, Time: 00:05:42

HP  -2/30        AC  2     Str  7      XL: 4   Next: 11%
MP   0/8         EV 12     Int 18      God:
Gold 16          SH  0     Dex 14      Spells:  2 memorised,  2 levels left

rFire  . . .     SeeInvis +     n - +1,-3 dagger (curse)
rCold  . . .     Clarity  .     a - +0 robe
rNeg   . . .     Conserve .     (no shield)
rPois  .         rCorr    .     j - +0 cap
rElec  .         rRot     .     (no cloak)
SustAb . .       Spirit   .     (no gloves)
rMut   .         Warding  .     (no boots)
Saprov . . .     Stasis   .     (no amulet)
                                (no ring)
                                (no ring)

@: regenerating quickly, slightly resistant to hostile enchantments, stealthy
A: fangs 3, see invisible, unbreathing
a: no special abilities


You were on level 3 of the Dungeon.
You were full.

You visited 1 branch of the dungeon, and saw 3 of its levels.

You collected 16 gold pieces.

Inventory:

Hand weapons
 d - a +2,+1 dagger
 m - a -1,+5 orcish whip
 n - a cursed +1,-3 dagger (weapon)
Armour
 a - a +0 robe (worn)
 j - a +0 cap (worn)
Scrolls
 b - 4 scrolls of identify
 e - a scroll of teleportation
 o - a scroll of blinking {unknown}
Jewellery
 l - an uncursed amulet of resist mutation {unknown}
Potions
 f - a potion of curing
 g - a potion of heal wounds {unknown}
 h - a potion of might
 i - a potion of mutation
 k - a potion of poison {unknown}
 p - a potion of magic {unknown}
Books
 c - a book of Conjurations

   Spells                             Type                      Level
   *Magic Dart                        Conjuration                  1
   *Searing Ray                       Conjuration                  2
   Dazzling Spray                     Conjuration/Hexes            3
   Iskenderun's Mystic Blast          Conjuration                  4
   Iskenderun's Battlesphere          Conjuration/Charms           4
   Fulminant Prism                    Conjuration/Hexes            5


   Skills:
 - Level 2.1 Dodging
 - Level 3.0 Stealth
 - Level 1.0 Spellcasting
 * Level 4.2 Conjurations


You had 2 spell levels left.
You knew the following spells:

 Your Spells              Type           Power        Failure   Level  Hunger
a - Magic Dart            Conj           ###.         3%          1    ##.....
s - Searing Ray           Conj           ###...       6%          2    ###....


Dungeon Overview and Level Annotations

Branches:
Dungeon (3/16)

Altars:
Yredelemnul


Innate Abilities, Weirdness & Mutations

Your natural rate of healing is unusually fast.
You have razor-sharp teeth.*
You have supernaturally acute eyesight.
You can survive without breathing.*


Message History

p - a sedimented inky potion An adder comes into view.
Found a murky black potion.
Found an escape hatch in the floor.
Found a stone staircase leading up.
You hit the human zombie but do no damage.
The human zombie hits you.
* * * LOW HITPOINT WARNING * * *
You hit the human zombie but do no damage.
Your bite misses the human zombie.
Casting: Searing Ray
Confirm with . or Enter, or press ? or * to list all spells.
Aiming: Searing Ray
Press: ? - help, Shift-Dir - straight line, f/p - human zombie
Aim: a human zombie The searing ray hits the human zombie.
The human zombie hits you.
* * * LOW HITPOINT WARNING * * *
The searing ray hits the human zombie.
* * * LOW MAGIC WARNING * * *
The human zombie hits you.
You die...

####...###########...#@
#..## #....## #.##
#..#... #.### #......
#...# #.##... ###.# #.
#### #g# #. #z# #. #@#
#.# .!.>S....#
#<#######


You could see a human zombie and a goblin.

Vanquished Creatures
  2 adders (D:2)
  A giant mite (D:1)
  2 giant geckos (D:2)
  An orc (D:3)
  A ball python (D:2)
  5 giant cockroaches
  5 goblins
  8 hobgoblins
  9 kobolds
  A quokka (D:2)
  2 bats
  A kobold zombie (D:3)
  9 rats
47 creatures vanquished.

Vanquished Creatures (others)
  A kobold (D:2)
1 creature vanquished.

Grand Total: 48 creatures vanquished

Notes
Turn   | Place    | Note
--------------------------------------------------------------
     0 | D:1      | PolkaDot, the Vampire Conjurer, began the quest for the Orb.
     0 | D:1      | Reached XP level 1. HP: 13/13 MP: 4/4
   128 | D:1      | Reached XP level 2. HP: 14/19 MP: 5/5
   574 | D:1      | Learned a level 2 spell: Searing Ray
   817 | D:2      | Reached XP level 3. HP: 17/24 MP: 6/6
  1056 | D:2      | Reached skill level 4 in Conjurations
  1609 | D:2      | Reached XP level 4. HP: 21/30 MP: 4/8
  1664 | D:3      | Found a basalt altar of Yredelemnul.
  1708 | D:3      | Slain by a human zombie

Action                   |  1- 3 |  4- 6 || total
-------------------------+-------+-------++-------
Melee: Dagger            |   188 |    10 ||   198
       Unarmed           |     6 |       ||     6
       Whip              |     2 |       ||     2
 Cast: Magic Dart        |    25 |       ||    25
       Searing Ray       |     4 |     3 ||     7
  Use: Potion            |     2 |       ||     2
       Scroll            |    11 |       ||    11
 Stab: Sleeping          |     2 |     1 ||     3
